 Dungeon Crawl Stone Soup version 0.26-a0-665-gefeb406119 (webtiles) character file.

Game seed: 5266573513213345857

524645 grandjackal the Rapturous (level 24, 0/228 HPs)
             Began as a Demonspawn Gladiator on Oct 13, 2020.
             Was an Elder of Uskayaw.
             Killed by drain life
             ... invoked by a soul eater
              (4 damage)
             ... on level 5 of the Depths.
             The game lasted 01:31:56 (68542 turns).

grandjackal the Rapturous (Demonspawn Gladiator)   Turns: 68542, Time: 01:31:57

Health: 0/228      AC: 27    Str: 24    XL:     24   Next: 76%
Magic:  0/38       EV: 21    Int: 28    God:    Uskayaw [****..]
Gold:   6079       SH: 17    Dex: 26    Spells: 0/42 levels left

rFire    . . .     SeeInvis .   F - +10 double sword of Lick {speed, rPois Str+4 Stlth+}
rCold    + . .     Faith    .   S - +2 kite shield {AC+3}
rNeg     + + .     Spirit   +   L - +5 scale mail "Kyrysh" {rN+ Dex+2}
rPois    +         Reflect  .   P - +2 helmet "Danliqif" {rElec Str+3 Int+2}
rElec    +         Harm     .   f - +2 cloak
rCorr    .         Rampage  .   G - +2 pair of gloves (curse)
MR       ++++.     Clarity  +   (boots unavailable)
Stlth    ++........             Z - amulet of the Four Winds {rN+ MR+++ Clar}
HPRegen  0.48/turn              Q - ring "Hesil" {*Slow rC+ Int+5 Dex+5}
MPRegen  0.52/turn              s - +4 ring of evasion

@: about to teleport, marked, studying Fighting
A: talons 3, robust 1, spiny 3, magic shield, magic regeneration, magic link,
big brain 3
}: 2/15 runes: decaying, gossamer
a: Stomp, Line Pass, Renounce Religion


You were on level 5 of the Depths.
You worshipped Uskayaw.
Uskayaw was greatly pleased with you.
You visited 10 branches of the dungeon, and saw 47 of its levels.
You visited 1 bazaar.
You also visited: Sewer, Ice Cave and Wizlab.

You collected 8273 gold pieces.
You spent 2194 gold pieces at shops.

Inventory:

Hand Weapons
 F - the +10 double sword of Lick (weapon) {speed, rPois Str+4 Stlth+}
   (You acquired it in a bazaar)

   Attacks with this weapon are significantly faster.
   It affects your strength (+4).
   It protects you from poison.
   It makes you more stealthy.
Missiles
 d - 6 throwing nets (quivered)
Armour
 f - a +2 cloak (worn)
 G - a cursed +2 pair of gloves (worn)
 L - the +5 scale mail "Kyrysh" (worn) {rN+ Dex+2}
   (You took it off an orc on level 10 of the Dungeon)

   It affects your dexterity (+2).
   It protects you from negative energy.
 P - the +2 helmet "Danliqif" (worn) {rElec Str+3 Int+2}
   (You bought it in a shop on level 1 of the Orcish Mines)

   It affects your strength (+3).
   It affects your intelligence (+2).
   It insulates you from electricity.
 S - a +2 kite shield of protection (worn)
Jewellery
 s - a +4 ring of evasion (right hand)
 B - an uncursed ring of resist corrosion
 E - the ring of Misengaa {rPois rC- rN+ MR+ Int+5}
   (You acquired it on level 2 of the Spider Nest)

   [ring of protection from magic]

   It affects your intelligence (+5).
   It makes you vulnerable to cold.
   It protects you from poison.
   It protects you from negative energy.
   It affects your resistance to hostile enchantments.
 Q - the ring "Hesil" (left hand) {*Slow rC+ Int+5 Dex+5}
   (You acquired it in a bazaar)

   [ring of protection from cold]

   It affects your intelligence (+5).
   It affects your dexterity (+5).
   It protects you from cold.
   It may slow you when you take damage.
 U - the ring of Ypubuant {+Inv rF+ MP+9 Str+3 Dex-2}
   (You found it on level 4 of the Vaults)

   [ring of magical power]

   It affects your strength (+3).
   It affects your dexterity (-2).
   It protects you from fire.
   It affects your magic capacity (+9).
   It lets you turn invisible.
 Z - the amulet of the Four Winds (around neck) {rN+ MR+++ Clar}
   (You bought it in a shop on level 2 of the Orcish Mines)

   [amulet of nothing]

   It protects you from negative energy.
   It affects your resistance to hostile enchantments.
   It protects you against confusion.
Wands
 l - a wand of enslavement (8)
 r - a wand of disintegration (40)
 y - a wand of acid (9)
 C - a wand of iceblast (84)
 H - a wand of digging (23)
 M - a wand of polymorph (8)
 N - a wand of flame (8)
 T - a wand of paralysis (61)
Scrolls
 b - 18 scrolls of identify
 e - 13 scrolls of amnesia
 i - 31 scrolls of remove curse
 k - 4 scrolls of blinking
 m - 12 scrolls of fear
 n - 9 scrolls of magic mapping
 u - 21 scrolls of teleportation
 z - 11 scrolls of immolation
 J - 5 scrolls of vulnerability
 K - 16 scrolls of enchant armour
 W - 2 scrolls of summoning
 X - 2 scrolls of fog
Potions
 a - 5 potions of stabbing
 g - 4 potions of cancellation
 h - 12 potions of ambrosia
 j - 8 potions of mutation
 o - 8 potions of heal wounds
 p - 22 potions of curing
 q - 6 potions of invisibility
 t - 5 potions of magic
 v - 4 potions of haste
 w - a potion of berserk rage
 A - 10 potions of brilliance
 D - 10 potions of lignification
 I - 6 potions of flight
 R - a potion of resistance
 Y - 2 potions of might
Books
 V - a manual of Fighting
Miscellaneous
 x - a condenser vane (2/2)


   Skills:
 + Level 21.3 Fighting
 - Level 18.1 Long Blades
 - Level 1.7 Throwing
 - Level 10.0 Armour
 - Level 8.0 Dodging
 + Level 14.8 Shields
 - Level 9.6 Spellcasting
 + Level 12.1 Hexes
 + Level 16.3 Translocations
 + Level 23.7 Invocations


You couldn't memorise any spells.
You knew the following spells:

 Your Spells              Type           Power        Failure   Level
a - Gell's Gravitas       Tloc           #######...   1%          3
b - Cause Fear            Hex            ######....   1%          4
c - Dispersal             Tloc           #######...   1%          6
d - Apportation           Tloc           ######       0%          1
e - Blink                 Tloc           N/A          0%          2
f - Invisibility          Hex            ######..     4%          6
g - Disjunction           Tloc           #######...   28%         8
h - Discord               Hex            ######....   82%         8
i - Passage of Golubria   Tloc           N/A          1%          4

Your spell library contained the following spells:

 Spells                   Type           Power        Failure   Level
 Corona                   Hex            ######.      1%          1
 Ensorcelled Hibernation  Hex/Ice        #####.       1%          2
 Slow                     Hex            ######..     1%          2
 Confusing Touch          Hex            ######..     1%          3
 Dazzling Flash           Conj/Hex       #####.       1%          3
 Inner Flame              Hex/Fire       #####...     1%          3
 Lesser Beckoning         Tloc           #######...   1%          3
 Portal Projectile        Hex/Tloc       ######       1%          3
 Summon Guardian Golem    Hex/Summ       #####...     1%          3
 Teleport Other           Tloc           #######.     1%          3
 Tukima's Dance           Hex            ######..     1%          3
 Iskenderun's Mystic Bla  Conj/Tloc      ######..     1%          4
 Animate Skeleton         Necr           ##....       3%          1
 Foxfire                  Conj/Fire      ##..         3%          1
 Freeze                   Ice            ##..         3%          1
 Magic Dart               Conj           ##..         3%          1
 Pain                     Necr           ##..         3%          1
 Shock                    Conj/Air       ##..         3%          1
 Sting                    Tmut/Pois      ##..         3%          1
 Summon Small Mammal      Summ           ##..         3%          1
 Fulminant Prism          Conj/Hex       #####.....   3%          4
 Leda's Liquefaction      Hex/Erth       #####.....   3%          4
 Summon Forest            Summ/Tloc      ######....   3%          5
 Call Imp                 Summ           ##......     6%          2
 Corpse Rot               Necr/Air       N/A          6%          2
 Poisonous Vapours        Pois/Air       ##....       6%          2
 Searing Ray              Conj           ##....       6%          2
 Sublimation of Blood     Necr           ##........   6%          2
 Swiftness                Air            ##......     6%          2
 Metabolic Englaciation   Hex/Ice        #####.....   9%          5
 Silence                  Hex/Air        #####.....   9%          5
 Yara's Violent Unravell  Hex/Tmut       #####.....   9%          5
 Call Canine Familiar     Summ           ##......     11%         3
 Conjure Flame            Conj/Fire      ##......     11%         3
 Frozen Ramparts          Ice            ##....       11%         3
 Ignite Poison            Fire/Tmut/Pois ##......     11%         3
 Mephitic Cloud           Conj/Pois/Air  ##......     11%         3
 Ozocubu's Armour         Ice            ##......     11%         3
 Static Discharge         Conj/Air       ##......     11%         3
 Stone Arrow              Conj/Erth      ##....       11%         3
 Vampiric Draining        Necr           ##........   11%         3
 Airstrike                Air            ##........   32%         4
 Animate Dead             Necr           ##........   32%         4
 Hailstorm                Conj/Ice       ##......     32%         4
 Olgreb's Toxic Radiance  Pois           ##......     32%         4
 Petrify                  Tmut/Erth      ##......     32%         4
 Sticky Flame             Conj/Fire      ##......     32%         4
 Summon Ice Beast         Ice/Summ       ##......     32%         4
 Summon Lightning Spire   Summ/Air       ##......     32%         4
 Agony                    Necr           ##......     65%         5
 Alistair's Intoxication  Tmut/Pois      ##.......    65%         5
 Borgnjor's Vile Clutch   Necr/Erth      ##........   65%         5
 Excruciating Wounds      Necr           ##........   65%         5
 Fireball                 Conj/Fire      ##........   65%         5
 Irradiate                Conj/Tmut      ##........   65%         5
 Iskenderun's Battlesphe  Conj           ##......     65%         5
 Lightning Bolt           Conj/Air       ##........   65%         5
 Conjure Ball Lightning   Conj/Air       ##........   99%         6
 Death Channel            Necr           ##........   99%         6
 Eringya's Noxious Bog    Tmut/Pois      ##........   99%         6
 Freezing Cloud           Conj/Ice/Air   ##........   99%         6
 Hydra Form               Tmut           ##........   99%         6
 Shadow Creatures         Summ           N/A          99%         6
 Simulacrum               Ice/Necr       ##........   99%         6
 Statue Form              Tmut/Erth      ##.......    99%         6
 Dragon Form              Tmut           ##........   100%        7
 Summon Hydra             Summ           ##........   100%        7
 Chain Lightning          Conj/Air       ##........   100%        8
 Ignition                 Fire           ##........   100%        8
 Lehudib's Crystal Spear  Conj/Erth      ##........   100%        8
 Absolute Zero            Ice            ##........   100%        9
 Fire Storm               Conj/Fire      ##........   100%        9
 Shatter                  Erth           ##........   100%        9
 Tornado                  Air            ##........   100%        9


Dungeon Overview and Level Annotations

Branches:
Dungeon (15/15)            Temple (1/1) D:4            Lair (6/6) D:11
  Swamp (4/4) Lair:2       Spider (4/4) Lair:2        Slime (0/5) Lair:5
    Orc (2/2) D:11            Elf (3/3) Orc:2        Vaults (4/5) D:14
  Crypt (3/3) Vaults:3       Tomb (0/3) Crypt:3      Depths (5/5) D:15
  Sewer (visited)           IceCv (visited)          WizLab (visited)
    Zot: Depths:5

Altars:
Ashenzari
Cheibriados
Dithmenos
Elyvilon
Fedhas
Gozag
Hepliaklqana
Kikubaaqudgha
Makhleb
Nemelex Xobeh
Okawaru
Qazlal
Ru
Sif Muna
Trog
Uskayaw
Vehumet
Wu Jian
Xom
Yredelemnul
Zin
The Shining One
Jiyva

Shops:
D:5 }   Orc:1 *?([[   Orc:2 [=*=   Vaults:1 [   Depths:2 (}((

Portals:
Hell: Depths:1 Depths:2 Depths:3 Depths:4
Abyss: Depths:1 Depths:4
Pandemonium: Depths:3 Depths:5
Ziggurat: Depths:1

Annotations:
Lair:5 exclusion: oklob plant
Elf:2 3 runed translucent doors
Depths:2 1 runed translucent door, Dameikh's ghost, veteran FoFi


Innate Abilities, Weirdness & Mutations

You have claws for feet.
You are robust. (+10% HP)
You are completely covered in sharp spines.
When hurt, damage is shared between your health and your magic reserves.
You regenerate magic rapidly.
When low on magic, you restore magic in place of health.
You have an absolutely massive brain. (Int +6, Wiz)


Message History

You can no longer merge with and destroy a victim.
You block the salamander's attack.
The salamander hits you but does no damage.
The salamander hits you from afar with a +0 halberd!
* * * LOW HITPOINT WARNING * * *
You are engulfed in flames!
* * * LOW HITPOINT WARNING * * *
The yaktaur captain unwields a +0 great sword.
The yaktaur captain wields a +0 arbalest.
The yaktaur captain shoots a bolt.
The bolt closely misses you. You block the red devil's attack.
The salamander mystic hits you but does no damage.
The salamander hits you from afar with a +0 halberd!
* * * LOW HITPOINT WARNING * * *
You are engulfed in flames!
* * * LOW HITPOINT WARNING * * *
The black draconian hits you with a +2 flail of protection.
* * * LOW HITPOINT WARNING * * *
The soul eater draws from the surrounding life force!
You die...

#####.###..........#
#..(..(('..........#
#......##.........?# #
#......##(.........# ##..
#......##.((.......##....#
#########...........c.#
#(.....[...)###..
#...[)d).(d†(d....
#()53@)(...d###...
#.)N(N).......# #
#)(NN4.....##...i
..............# ###.
.......######### ........#
...(....# .....(..#
........#


You could see a black draconian, 2 draconians, a yaktaur captain, a salamander
mystic, 3 salamanders, a soul eater, a red devil and a crimson imp.

Vanquished Creatures
  Mara (Vaults:2)
  5 ancient liches
  A juggernaut (Depths:3)
  Saint Roka (Vaults:1)
  6 golden dragons
  Nikola (Elf:2)
  Arachne (Spider:4)
  3 deep elf master archers (Elf:3)
  Asterion (Depths:1)
  3 deep elf blademasters
  5 liches
  5 sphinxes
  An Ice Fiend (IceCv)
  3 titans
  An ancient champion (Crypt:2)
  Gastronok (D:12)
  3 storm dragons
  3 thorn hunters (Swamp:4)
  Roxanne (Swamp:2)
  4 shadow dragons (Depths:5)
  Kirke (Swamp:3)
  2 tengu reavers
  Donald (Orc:2)
  2 revenants (Crypt:2)
  16 frost giants
  11 fire giants
  4 deep elf sorcerers
  5 ghost moths
  2 orc warlords (Depths:1)
  4 curse skulls
  8 vault wardens
  4 deep elf elementalists (Elf:3)
  A spriggan defender (Depths:4)
  8 ironheart preservers
  7 emperor scorpions (Spider:4)
  3 reapers (Crypt:3)
  18 very ugly things
  29 stone giants
  3 entropy weavers
  7 vampire knights
  A white draconian (Depths:5)
  5 deep elf demonologists (Elf:3)
  A minotaur (Depths:4)
  9 deep elf annihilators
  10 purple draconians
  Azrael (D:12)
  8 eidola
  A merfolk javelineer (Depths:1)
  4 statues (WizLab)
  8 spark wasps
  13 ettins
  5 jiangshi
  10 deep elf death magi
  A mummy priest (Crypt:3)
  6 great orbs of eyes
  11 yaktaur captains
  19 fire dragons
  Harold (D:7)
  4 vault guards
  2 boulder beetles
  A caustic shrike simulacrum (Depths:1)
  7 deep elf high priests (Elf:3)
  8 rakshasas
  17 ice dragons
  3 ghost crabs (Swamp:4)
  A shambling mangrove (Swamp:4)
  22 hydras
  9 centaur warriors
  2 death knights (Crypt:2)
  4 spriggan air magi
  3 death yaks (Lair:1)
  11 alligators
  2 deep troll shamans
  22 two-headed ogres
  11 deep troll earth magi
  13 dancing weapons
  6 ogre magi
  2 titan zombies
  A vampire mage (Crypt:1)
  4 small abominations
  3 spriggan berserkers
  6 tengu warriors
  2 storm dragon zombies
  9 deep elf knights
  5 soul eaters
  A spark wasp zombie (Depths:1)
  3 shadow wraiths
  11 hell knights
  Nergalle (D:12)
  A salamander mystic (Depths:5)
  A fire crab (shapeshifter) (Vaults:3)
  8 skeletal warriors
  17 deep trolls
  8 unseen horrors
  A glowing orange brain (shapeshifter) (Depths:3)
  3 flayed ghosts
  2 storm dragon skeletons (Vaults:3)
  8 glowing orange brains
  A lindwurm (shapeshifter) (Depths:3)
  11 deep elf archers
  3 tengu zombies
  11 swamp dragons
  10 wizards
  11 orc knights
  34 wolf spiders
  12 phantasmal warriors
  22 necromancers
  An anaconda skeleton (Crypt:1)
  A harpy (shapeshifter) (Depths:5)
  15 ironbrand convokers
  19 orb spiders
  A mana viper (shapeshifter) (Depths:3)
  2 stone giant zombies (Crypt:3)
  3 shadow dragon skeletons (Crypt:3)
  5 cyclopes
  2 frost giant zombies
  3 fire giant zombies
  27 ugly things
  3 orc sorcerers
  72 deep elf magi
  A manticore (D:12)
  2 salamanders (Depths:5)
  A frost giant skeleton (Crypt:3)
  Joseph (D:7)
  A fire giant skeleton (Crypt:3)
  An ice statue (IceCv)
  A dire elephant zombie (Crypt:3)
  3 black mambas
  4 molten gargoyles (D:13)
  11 elephants
  3 torpor snails
  A moth of wrath (Spider:4)
  8 vault sentinels
  5 centaur skeletons
  3 stone giant skeletons
  39 cane toads
  An emperor scorpion zombie (Crypt:3)
  Maggie (D:10)
  A rime drake (Lair:3)
  A gargoyle (D:12)
  A storm dragon simulacrum (Crypt:1)
  A dire elephant skeleton (Crypt:1)
  A spriggan zombie (Depths:1)
  38 yaktaurs
  A yaktaur zombie (Depths:1)
  5 demonic crawlers
  15 freezing wraiths
  10 komodo dragons
  A rime drake (shapeshifter) (D:14)
  4 efreet
  13 hellwings (Crypt:3)
  6 anaconda simulacra (IceCv)
  4 ice devils (IceCv)
  7 tengu conjurers
  A meliai (shapeshifter) (Vaults:2)
  A hydra zombie (Crypt:2)
  2 guardian mummies (Crypt:3)
  4 trolls
  A wolf spider simulacrum (IceCv)
  A polar bear (Lair:1)
  A wind drake (shapeshifter) (Depths:3)
  A queen bee (shapeshifter) (Vaults:3)
  27 jumping spiders
  11 hornets
  A jumping spider (shapeshifter) (Vaults:3)
  A hydra skeleton (Crypt:3)
  Prince Ribbit (D:6)
  11 tyrant leeches
  Grinder (D:3)
  2 polar bears (shapeshifter)
  2 fire dragon zombies
  24 blink frogs
  12 bog bodies
  45 slime creatures
  2 dream sheep (Lair:5)
  A dream sheep (shapeshifter) (Depths:1)
  An elf zombie (Depths:1)
  2 ettin zombies
  A stone giant simulacrum (Crypt:1)
  An alligator skeleton (Crypt:3)
  A blink frog (shapeshifter) (Vaults:2)
  A human simulacrum (Vaults:1)
  Sigmund (D:3)
  An air elemental (Elf:1)
  A fire dragon skeleton (Crypt:3)
  10 flying skulls (Crypt:1)
  30 tarantellas
  3 dire elephant simulacra (IceCv)
  2 shadows
  15 wraiths
  An ettin skeleton (Crypt:2)
  76 redbacks
  9 water elementals
  5 fire elementals
  A wyvern (D:12)
  An ice dragon skeleton (Crypt:3)
  20 humans (D:14)
  4 basilisks
  5 hogs (Swamp:3)
  A steam dragon (Lair:4)
  A tyrant leech zombie (Crypt:1)
  63 yaks
  A human (shapeshifter) (Vaults:3)
  Menkaure (D:6)
  A basilisk (shapeshifter) (Elf:2)
  24 vampire mosquitoes
  3 harpy simulacra (IceCv)
  An acid dragon (shapeshifter) (Elf:3)
  5 wargs
  8 large abominations (Depths:4)
  18 swamp worms
  An iron troll simulacrum (IceCv)
  2 deep troll skeletons
  A hydra simulacrum (IceCv)
  Duvessa (D:6)
  2 acid dragons
  A water nymph skeleton (Crypt:2)
  3 floating eyes
  23 water moccasins
  41 orc warriors
  2 hell hounds
  A cane toad skeleton (Crypt:2)
  9 swamp drakes
  3 sky beasts
  An eye of draining (D:13)
  5 ice beasts
  An elephant zombie (Crypt:1)
  A human zombie (Vaults:3)
  4 black bears
  A snapping turtle zombie (Crypt:3)
  4 ettin simulacra
  A meliai simulacrum (D:15)
  A necrophage (D:10)
  16 ogres
  12 boggarts
  A dream sheep zombie (Crypt:1)
  24 centaurs
  2 phantoms
  A snapping turtle skeleton (Crypt:2)
  21 wolves
  A lindwurm skeleton (Crypt:2)
  An elf skeleton (Vaults:3)
  4 big kobolds
  A wyvern zombie (D:14)
  28 bullfrogs
  Blork the orc (D:5)
  A rime drake skeleton (Crypt:1)
  Dowan (D:6)
  2 earth elementals
  12 wyvern skeletons (Crypt:3)
  8 scorpions
  13 killer bees
  A yak skeleton (Crypt:2)
  13 wights
  2 howler monkeys (D:12)
  2 electric eels
  2 crimson imps (Depths:1)
  2 draconian simulacra (IceCv)
  A quasit (D:9)
  2 centaur zombies
  9 hounds
  3 jellies
  20 orc wizards
  15 orc priests
  3 bullfrog skeletons
  An iron imp (Depths:3)
  3 iguanas
  14 worker ants
  Terence (D:2)
  4 hell rats (Lair:5)
  2 polar bear simulacra (IceCv)
  5 troll simulacra (IceCv)
  A wolf simulacrum (IceCv)
  2 killer bee zombies
  A naga zombie (Crypt:2)
  2 ogre zombies (Crypt:3)
  2 centaur simulacra (IceCv)
  A hound zombie (D:7)
  A hound skeleton (D:7)
  A mummy (Crypt:3)
  Robin (D:2)
  2 howler monkey skeletons
  3 gnolls (D:6)
  16 adders
  4 naga simulacra (IceCv)
  3 ogre simulacra (IceCv)
  2 river rats (Sewer)
  2 shadow imps (D:5)
  7 white imps (IceCv)
  3 ufetubi
  7 oozes
  A worm (D:2)
  An adder skeleton (D:5)
  An adder zombie (D:6)
  A dart slug (D:1)
  6 leopard geckos
  60 orcs
  8 giant cockroaches
  A gnoll zombie (Crypt:2)
  19 goblins
  14 hobgoblins
  3 jackals
  6 quokkas
  6 ball pythons
  3 bats
  6 frilled lizards
  A frilled lizard zombie (Crypt:1)
  A hobgoblin skeleton (Crypt:1)
  2 jackal skeletons
  21 kobolds
  2 leopard gecko skeletons
  A leopard gecko zombie (D:5)
  19 rats
  2 crawling corpses (Elf:3)
  2 withered plants (Crypt:3)
2094 creatures vanquished.

Vanquished Creatures (others)
  A deep elf mage (Elf:2)
  A hornet (Swamp:4)
  A spriggan (Swamp:4)
  A human (Swamp:3)
  2 white imps (IceCv)
  4 ufetubi (IceCv)
  2 briar patches (Swamp:4)
  41 fungi
  104 plants
  8 withered plants (Crypt:3)
165 creatures vanquished.

Grand Total: 2259 creatures vanquished

Notes
Turn   | Place    | Note
-------+----------+-------------------------------------------
     0 | D:1      | grandjackal the Demonspawn Gladiator began the quest for
                  | the Orb.
     0 | D:1      | Reached XP level 1. HP: 16/16 MP: 1/1
    56 | D:1      | Gained mutation: You are partially covered in sharp spines.
                  | [demonic ancestry]
    56 | D:1      | Reached XP level 2. HP: 9/22 MP: 2/2
   629 | D:1      | Reached XP level 3. HP: 28/28 MP: 3/3
  1026 | D:2      | Found a glowing golden altar of the Shining One.
  1212 | D:2      | Gained mutation: You have sharp toenails. [demonic
                  | ancestry]
  1212 | D:2      | Reached XP level 4. HP: 35/35 MP: 4/4
  1223 | D:2      | Noticed Terence
  1239 | D:2      | Killed Terence
  1450 | D:2      | Noticed Robin
  1461 | D:2      | Killed Robin
  1496 | D:2      | Reached XP level 5. HP: 41/41 MP: 5/5
  1908 | D:3      | Found a faded altar of an unknown god.
  2067 | D:3      | Noticed Grinder
  2067 | D:3      | Paralysed by Grinder for 7 turns
  2080 | D:3      | Killed Grinder
  2080 | D:3      | Gained mutation: You have an unusually large brain. (Int
                  | +2) [demonic ancestry]
  2080 | D:3      | Reached XP level 6. HP: 24/49 MP: 6/6
  2299 | D:3      | Noticed Sigmund
  2309 | D:3      | Killed Sigmund
  2309 | D:3      | Gained mutation: You have an extremely huge brain. (Int +4)
                  | [demonic ancestry]
  2309 | D:3      | Reached XP level 7. HP: 28/55 MP: 7/7
  2559 | D:3      | Learned a level 3 spell: Gell's Gravitas
  3059 | D:4      | Reached skill level 5 in Fighting
  3059 | D:4      | Reached skill level 5 in Long Blades
  3059 | D:4      | Reached skill level 5 in Dodging
  3059 | D:4      | Reached skill level 1 in Translocations
  3106 | D:4      | Found a glowing drain.
  3126 | Sewer    | Entered a sewer
  3918 | Sewer    | Gained mutation: When hurt, damage is shared between your
                  | health and your magic reserves. [demonic ancestry]
  3918 | Sewer    | Reached XP level 8. HP: 63/63 MP: 8/8
  4053 | D:4      | Found a staircase to the Ecumenical Temple.
  4212 | D:4      | Found a glowing silver altar of Zin.
  4357 | Temple   | Entered the Ecumenical Temple
  4442 | Temple   | Became a worshipper of Uskayaw the Reveler
  4486 | D:5      | Entered Level 5 of the Dungeon
  4492 | D:5      | Reached * piety under Uskayaw
  4494 | D:5      | Reached ** piety under Uskayaw
  4496 | D:5      | Reached skill level 1 in Invocations
  4496 | D:5      | Reached *** piety under Uskayaw
  4499 | D:5      | Reached **** piety under Uskayaw
  5050 | D:5      | Reached skill level 2 in Invocations
  5066 | D:5      | Found Tuydiede's Gadget Shop.
  5520 | D:5      | Noticed Blork the orc
  5523 | D:5      | Reached skill level 3 in Invocations
  5528 | D:5      | Killed Blork the orc
  5614 | D:6      | Found a blossoming altar of Fedhas.
  5668 | D:6      | Noticed Prince Ribbit
  5674 | D:6      | Killed Prince Ribbit
  5674 | D:6      | Reached XP level 9. HP: 35/71 MP: 6/11
  6152 | D:6      | Noticed Menkaure
  6161 | D:6      | Killed Menkaure
  6161 | D:6      | Reached skill level 4 in Invocations
  6760 | D:6      | Noticed Duvessa
  6760 | D:6      | Noticed Dowan
  6774 | D:6      | Killed Duvessa
  6777 | D:6      | Killed Dowan
  7166 | D:7      | Noticed Joseph
  7174 | D:7      | Reached skill level 5 in Invocations
  7183 | D:7      | Reached ***** piety under Uskayaw
  7188 | D:7      | Killed Joseph
  7464 | D:7      | Found a shadowy altar of Dithmenos.
  7497 | D:7      | Noticed Harold
  7521 | D:7      | Killed Harold
  7521 | D:7      | Reached skill level 5 in Translocations
  7521 | D:7      | Reached skill level 6 in Invocations
  7521 | D:7      | Reached XP level 10. HP: 31/79 MP: 0/14
  9679 | D:9      | Reached skill level 7 in Invocations
  9933 | D:9      | Found a bloodstained altar of Trog.
 10278 | D:10     | Entered Level 10 of the Dungeon
 10564 | D:10     | Noticed Maggie
 10579 | D:10     | Reached ****** piety under Uskayaw
 10580 | D:10     | Killed Maggie
 10813 | D:10     | Reached skill level 8 in Invocations
 10834 | D:10     | Identified the +5 scale mail "Kyrysh" {rN+ Dex+2}
 10847 | D:10     | Gained mutation: You have an absolutely massive brain. (Int
                  | +6, Wiz) [demonic ancestry]
 10847 | D:10     | Reached XP level 11. HP: 61/87 MP: 13/17
 11078 | D:10     | Reached skill level 1 in Armour
 11589 | D:11     | Found a staircase to the Lair.
 11712 | D:11     | Found a staircase to the Orcish Mines.
 11855 | D:12     | Noticed a cyan ugly thing
 11865 | D:12     | Killed a green ugly thing
 11872 | D:12     | Reached skill level 9 in Invocations
 12250 | D:12     | Noticed Nergalle
 12264 | D:12     | Killed Nergalle
 12526 | D:12     | Found a shimmering altar of Xom.
 12534 | D:12     | Noticed Gastronok
 12554 | D:12     | Killed Gastronok
 12870 | D:12     | Killed an unseen horror
 13087 | D:12     | Noticed a red ugly thing
 13101 | D:12     | Killed a green ugly thing
 13101 | D:12     | Gained mutation: You have razor-sharp toenails. [demonic
                  | ancestry]
 13101 | D:12     | Reached XP level 12. HP: 93/96 MP: 19/19
 13225 | D:13     | Reached skill level 10 in Invocations
 13232 | D:13     | Noticed Azrael
 13406 | D:12     | Killed Azrael
 13798 | D:13     | Reached skill level 10 in Fighting
 14266 | D:13     | Noticed a boulder beetle
 14278 | D:13     | Killed a boulder beetle
 14508 | D:13     | Learned a level 4 spell: Cause Fear
 14512 | D:13     | Learned a level 3 spell: Tukima's Dance
 14555 | D:13     | Reached skill level 5 in Armour
 14564 | D:13     | Reached skill level 1 in Hexes
 14898 | D:13     | Reached skill level 11 in Invocations
 15190 | D:13     | Learned a level 1 spell: Apportation
 15246 | D:14     | Noticed a fire dragon
 15251 | D:14     | Killed a fire dragon
 15298 | D:14     | Found an iron altar of Okawaru.
 15425 | D:14     | Reached skill level 10 in Long Blades
 15491 | D:14     | Noticed a centaur warrior
 15495 | D:14     | Killed a centaur warrior
 15538 | D:14     | Gained mutation: You regenerate magic rapidly. [demonic
                  | ancestry]
 15538 | D:14     | Reached XP level 13. HP: 103/104 MP: 21/21
 16022 | D:14     | Found a gate to the Vaults.
 16041 | D:14     | Reached skill level 12 in Invocations
 16055 | D:14     | Got an encrusted long sword
 16061 | D:14     | Identified the +5 long sword "Biemmuank" {protect, +Blink
                  | rElec rPois Int+6} (You found it on level 14 of the
                  | Dungeon)
 16426 | D:15     | Entered Level 15 of the Dungeon
 16797 | D:15     | Reached skill level 5 in Hexes
 17381 | D:15     | Noticed a fire dragon
 17393 | D:15     | Killed a fire dragon
 17407 | D:15     | Found a staircase to the Depths.
 17813 | Orc:1    | Entered Level 1 of the Orcish Mines
 17813 | Orc:1    | Found Mijib's Magic Scroll Boutique.
 17817 | Orc:1    | Bought a scroll of teleportation for 42 gold pieces
 17817 | Orc:1    | Bought a scroll of blinking for 105 gold pieces
 17817 | Orc:1    | Bought a scroll of immolation for 49 gold pieces
 17817 | Orc:1    | Bought a scroll of amnesia for 49 gold pieces
 17817 | Orc:1    | Bought a scroll of fear for 49 gold pieces
 17817 | Orc:1    | Bought a scroll of random uselessness for 14 gold pieces
 17893 | Orc:1    | Found Hainnol's Antique Armour Emporium.
 17905 | Orc:1    | Found Itaavoel's Armour Boutique.
 17906 | Orc:1    | Bought an ancient helmet for 275 gold pieces
 17916 | Orc:1    | Identified the +2 helmet "Danliqif" {rElec Str+3 Int+2}
                  | (You bought it in a shop on level 1 of the Orcish Mines)
 17942 | Orc:1    | Bought a cursed +0 pair of gloves for 22 gold pieces
 18056 | Orc:1    | Found Wacejieh's Assorted Antiques.
 18066 | Orc:1    | Bought a scroll labeled IRIHYD MECK for 25 gold pieces
 18066 | Orc:1    | Bought a scroll labeled ECYM NOSUR for 25 gold pieces
 18066 | Orc:1    | Bought 3 scrolls labeled BOIGECICAY for 75 gold pieces
 18079 | Orc:1    | You fall into a shaft and drop 1 floor!
 18079 | Orc:2    | Entered Level 2 of the Orcish Mines
 18115 | Orc:1    | Found Inackuog's Weapon Boutique.
 18987 | Orc:2    | Noticed Donald
 19233 | Orc:2    | Found Jeynom's Jewellery Boutique.
 19233 | Orc:2    | Found Alerytta's General Store.
 19233 | Orc:2    | Found Xiel's Armour Shop.
 19233 | Orc:2    | Found Fyidufobb's Jewellery Shoppe.
 19394 | Orc:2    | Killed Donald
 19441 | Orc:2    | Bought the amulet of the Four Winds {rN+ MR+++ Clar} for
                  | 614 gold pieces
 19441 | Orc:2    | Found the amulet of the Four Winds {rN+ MR+++ Clar}
 19454 | Orc:2    | Bought a scroll of teleportation for 36 gold pieces
 19469 | Orc:2    | Found a staircase to the Elven Halls.
 19488 | Orc:2    | Reached XP level 14. HP: 110/113 MP: 23/23
 20179 | Lair:1   | Entered Level 1 of the Lair of Beasts
 20282 | Lair:1   | Reached skill level 13 in Invocations
 22242 | Lair:2   | Found a staircase to the Swamp.
 22385 | Lair:2   | Found a hole to the Spider Nest.
 24179 | Lair:4   | Found a glowing golden altar of the Shining One.
 24548 | Lair:4   | Reached skill level 14 in Invocations
 25469 | Lair:5   | Found a glowing golden altar of the Shining One.
 26049 | Lair:5   | Found a viscous altar of Jiyva.
 26049 | Lair:5   | Found a staircase to the Slime Pits.
 26263 | Lair:6   | Entered Level 6 of the Lair of Beasts
 26341 | Lair:6   | Reached XP level 15. HP: 103/122 MP: 19/25
 28210 | Elf:1    | Entered Level 1 of the Elven Halls
 28230 | Elf:1    | Found a radiant altar of Vehumet.
 28238 | Elf:1    | Identified the +7 short sword of the Bespelling Fool
                  | {protect, Fragile +Blink rElec rPois MR+}
 28265 | Elf:1    | Reached skill level 15 in Invocations
 28280 | Elf:1    | HP: 1/123 [deep elf mage/shard of ice (28)]
 28522 | Elf:1    | Found a flickering gateway to a bazaar.
 28531 | Bazaar   | Entered a bazaar
 28877 | Bazaar   | Found Quavit's Magic Scroll Boutique.
 28881 | Bazaar   | Bought a scroll of acquirement for 416 gold pieces
 28881 | Bazaar   | Bought a scroll of holy word for 60 gold pieces
 28881 | Bazaar   | Found Lakhlec's Antique Armour Boutique.
 28881 | Bazaar   | Found Cef Jumn's Weapon Boutique.
 28881 | Bazaar   | Found Nazehew's Magic Scroll Boutique.
 28890 | Bazaar   | Bought a scroll of teleportation for 36 gold pieces
 28890 | Bazaar   | Bought a scroll of teleportation for 36 gold pieces
 28890 | Bazaar   | Bought a scroll of blinking for 90 gold pieces
 28906 | Bazaar   | Bought 2 scrolls of enchant armour for 120 gold pieces
 28906 | Bazaar   | Bought a scroll of immolation for 28 gold pieces
 28906 | Bazaar   | Bought a scroll of immolation for 28 gold pieces
 28920 | Bazaar   | Acquired a book of Spatial Translocations
 28925 | Bazaar   | Learned a level 2 spell: Blink
 28925 | Bazaar   | Acquired a manual of Translocations
 28927 | Bazaar   | Acquired the +10 double sword of Lick {speed, rPois Str+4
                  | Stlth+}
 28930 | Bazaar   | Acquired a +2 helmet of see invisible
 28932 | Bazaar   | Acquired the ring "Hesil" {*Slow rC+ Int+5 Dex+5}
 29099 | Elf:1    | Reached skill level 10 in Armour
 29576 | Elf:1    | Reached XP level 16. HP: 131/131 MP: 27/27
 30138 | Elf:2    | Found a radiant altar of Vehumet.
 30138 | Elf:2    | Noticed Nikola
 30148 | Elf:2    | Killed Nikola
 30148 | Elf:2    | Reached skill level 1 in Shields
 30482 | Elf:2    | Found a runed translucent gate.
 30482 | Elf:2    | Found a runed translucent gate.
 30482 | Elf:2    | Found a runed translucent gate.
 30888 | Elf:3    | Entered Level 3 of the Elven Halls
 30954 | Elf:3    | Noticed a deep elf master archer
 30955 | Elf:3    | Noticed a deep elf blademaster
 31645 | Elf:2    | Killed a deep elf blademaster
 31773 | Elf:3    | Killed a deep elf master archer
 31775 | Elf:3    | Noticed a Brimstone Fiend
 32052 | Elf:3    | Reached skill level 16 in Invocations
 32561 | Elf:3    | Reached skill level 10 in Translocations
 32610 | Elf:3    | Noticed a deep elf master archer
 33117 | Elf:3    | Killed a deep elf master archer
 33265 | Elf:3    | Identified the +8 falchion "Ufadij" {holy, +Rage rPois rF-
                  | rN+}
 33265 | Elf:3    | Identified the amulet of the Komtur {Regen+ Str+5 Dex+2}
 33322 | Elf:3    | Noticed a deep elf master archer
 33331 | Elf:3    | Killed a deep elf master archer
 33465 | Elf:3    | Identified the +0 ring mail "Neghap" {+Blink rC+ rN+ Str+4
                  | Stlth-}
 33465 | Elf:3    | Noticed a deep elf blademaster
 33486 | Elf:3    | Killed a deep elf blademaster
 33611 | Elf:3    | Identified the cursed +2 war axe of Pandemonium {antimagic,
                  | rElec rN++ Str-4 Int+8}
 33879 | Elf:3    | Identified the +11 quarterstaff "Povi" {holy, *Rage rPois
                  | MR+ Dex+3}
 34076 | Elf:3    | Identified the ring of Lugonu's Felicitations {*Corrode MR+
                  | Str+4 Slay+4}
 34082 | Elf:3    | Gained mutation: You are mostly covered in sharp spines.
                  | [demonic ancestry]
 34082 | Elf:3    | Reached XP level 17. HP: 130/139 MP: 26/29
 34429 | Elf:3    | Reached skill level 5 in Shields
 35452 | Elf:3    | Identified the Reference Book on the Snowflakes and Dark
                  | Rituals
 35548 | Elf:3    | Identified the Catalogue of Execration and the Arsonist
 35830 | Swamp:1  | Entered Level 1 of the Swamp
 35930 | Swamp:1  | Found a frozen archway.
 36047 | IceCv    | Entered an ice cave
 36066 | IceCv    | Reached skill level 17 in Invocations
 37134 | IceCv    | Noticed an Ice Fiend
 37149 | IceCv    | Killed an Ice Fiend
 37488 | IceCv    | Identified the Tome of the Lost Mystics
 37592 | Swamp:1  | Identified the Catalogue of Evil Magic and the Oath
 37978 | Swamp:1  | Found an ancient bone altar of Kikubaaqudgha.
 38243 | Swamp:2  | Noticed Roxanne
 38261 | Swamp:2  | Killed Roxanne
 39385 | Swamp:3  | Noticed Kirke
 39394 | Swamp:3  | Killed Kirke
 40154 | Swamp:4  | Entered Level 4 of the Swamp
 40438 | Swamp:4  | Reached skill level 15 in Fighting
 40493 | Swamp:4  | Reached XP level 18. HP: 25/149 MP: 5/30
 40509 | Swamp:4  | Got a decaying rune of Zot
 41705 | Spider:1 | Entered Level 1 of the Spider Nest
 42044 | Spider:1 | Reached skill level 18 in Invocations
 42326 | Spider:1 | You fall into a shaft and drop 1 floor!
 43066 | Spider:2 | Acquired the ring of Misengaa {rPois rC- rN+ MR+ Int+5}
 43068 | Spider:2 | Acquired 480 gold pieces
 44966 | Spider:4 | Entered Level 4 of the Spider Nest
 45460 | Spider:4 | Noticed Arachne
 45475 | Spider:4 | Killed Arachne
 45963 | Spider:4 | Gained mutation: You are completely covered in sharp
                  | spines. [demonic ancestry]
 45963 | Spider:4 | Reached XP level 19. HP: 94/157 MP: 18/32
 46678 | Spider:4 | Got a gossamer rune of Zot
 47174 | Vaults:1 | Entered Level 1 of the Vaults
 47251 | Vaults:1 | Found Zutuyc's Armour Shoppe.
 47331 | Vaults:1 | Reached skill level 19 in Invocations
 47417 | Vaults:1 | Reached skill level 15 in Long Blades
 47589 | Vaults:1 | Noticed Saint Roka
 47601 | Vaults:1 | Killed Saint Roka
 49026 | Vaults:2 | Reached skill level 15 in Translocations
 49028 | Vaults:2 | Reached skill level 10 in Shields
 49185 | Vaults:2 | Noticed Mara
 49210 | Vaults:2 | Killed Mara
 49210 | Vaults:2 | Reached skill level 1 in Spellcasting
 49477 | Vaults:2 | Gained mutation: You are robust. (+10% HP) [demonic
                  | ancestry]
 49477 | Vaults:2 | Reached XP level 20. HP: 159/182 MP: 33/33
 50234 | Vaults:2 | Identified the ring of Immorality {rPois SInv}
 50624 | Vaults:3 | Reached skill level 20 in Invocations
 50681 | Vaults:3 | Learned a level 6 spell: Invisibility
 51590 | Vaults:3 | Found a staircase to the Crypt.
 52660 | Vaults:4 | Reached skill level 5 in Spellcasting
 53347 | Vaults:4 | Got a crude silver ring
 53388 | Vaults:4 | Identified the ring of Ypubuant {+Inv rF+ MP+9 Str+3 Dex-2}
                  | (You found it on level 4 of the Vaults)
 54029 | Crypt:1  | Entered Level 1 of the Crypt
 54054 | Crypt:1  | Reached XP level 21. HP: 191/191 MP: 35/35
 54210 | Crypt:1  | Found a magical portal.
 54215 | WizLab   | Entered Iskenderun's Mystic Tower
 54757 | WizLab   | Identified Iskenderun's Guide on Attacks
 54757 | WizLab   | Identified Iskenderun's Reference Book on Confrontation
 54780 | WizLab   | Identified the Papyrus of Attacks and Shape Shifting
 55965 | Crypt:2  | Reached skill level 21 in Invocations
 56304 | Crypt:2  | Learned a level 6 spell: Dispersal
 56313 | Crypt:2  | Learned a level 8 spell: Disjunction
 56882 | Crypt:2  | Noticed an ancient lich
 56896 | Crypt:2  | Killed an ancient lich
 57370 | Crypt:3  | Entered Level 3 of the Crypt
 57900 | Crypt:3  | Found an ancient bone altar of Kikubaaqudgha.
 58100 | Crypt:3  | Noticed an ancient lich
 58109 | Crypt:3  | Killed an ancient lich
 58109 | Crypt:3  | Gained mutation: You have claws for feet. [demonic
                  | ancestry]
 58109 | Crypt:3  | Reached XP level 22. HP: 201/201 MP: 36/36
 58110 | Crypt:3  | Noticed an ancient lich
 58119 | Crypt:3  | Killed an ancient lich
 58653 | Crypt:3  | Found a staircase to the Tomb.
 59580 | Crypt:3  | Found the +6 Majin-Bo {vamp, MP+6 Int+6}
 60050 | Depths:1 | Entered Level 1 of the Depths
 60597 | Depths:1 | Found a one-way gate to the infinite horrors of the Abyss.
 60602 | Depths:1 | Noticed Asterion
 60620 | Depths:1 | Killed Asterion
 60860 | Depths:1 | Reached skill level 22 in Invocations
 61135 | Depths:1 | Found a gateway to a ziggurat.
 61135 | Depths:1 | Noticed an ancient lich
 61136 | Depths:1 | Noticed an ancient lich
 61149 | Depths:1 | Killed an ancient lich
 61161 | Depths:1 | Killed an ancient lich
 61940 | Depths:1 | Found a gateway to Hell.
 62339 | Depths:2 | Gained mutation: When low on magic, you restore magic in
                  | place of health. [demonic ancestry]
 62339 | Depths:2 | Reached XP level 23. HP: 193/213 MP: 34/38
 62358 | Depths:2 | Learned a level 8 spell: Discord
 63124 | Depths:2 | Found a runed translucent door.
 63124 | Depths:2 | Noticed Dameikh's ghost (veteran FoFi)
 63166 | Depths:2 | Reached skill level 10 in Hexes
 63285 | Depths:2 | Found Kuurchoh's Weapon Emporium.
 63287 | Depths:2 | Found Hovyo's Weapon Emporium.
 63287 | Depths:2 | Found Tywi's Gadget Shoppe.
 63292 | Depths:2 | Found Dejuol's Antique Weapon Shoppe.
 64535 | Depths:3 | Found a one-way gate leading to the halls of Pandemonium.
 64538 | Depths:3 | Found a shimmering blue altar of Sif Muna.
 64538 | Depths:3 | Found a snail-covered altar of Cheibriados.
 64570 | Depths:3 | Noticed a juggernaut
 64588 | Depths:3 | Killed a juggernaut
 65157 | Depths:3 | Identified the +1 scale mail of the Fiddle {-Cast Str+4
                  | Dex+4} (You found it on level 3 of the Depths)
 65273 | Depths:3 | Reached skill level 23 in Invocations
 66176 | Depths:4 | Reached XP level 24. HP: 225/225 MP: 38/38
 66479 | Depths:4 | Learned a level 4 spell: Passage of Golubria
 67459 | Depths:5 | Entered Level 5 of the Depths
 68503 | Depths:5 | Identified the cursed +1 chain mail "Fagumija" {rF+ Str+3}
                  | (You found it on level 5 of the Depths)
 68542 | Depths:5 | HP: 9/228 [salamander/+0 halberd (10)]
 68542 | Depths:5 | HP: 4/228 [black draconian/+2 flail of protection (5)]
 68542 | Depths:5 | Killed from afar by a soul eater

Illustrated notes

Levels and vault maps discovered:
D:1:      heliophobic_arrival_henge, layout_basic, minmay_misc_feat_enclosed
D:2:      layout_basic, tso_metal_star, uniq_terence, uniq_robin
D:3:      layout_basic, chequers_ecumenical_altar_simple, uniq_sigmund,
          uniq_grinder
D:4:      layout_cave_pools, zin_statuary, minmay_temple_entry_crystal_x,
          gup_sewer_entry_glass, st_stairs_12, lightli_corner_chamber
D:5:      cheibrodos_fzero, layout_basic, serial_shops, kennysheep_little_box,
          uniq_blork_the_orc
D:6:      layout_basic, basic_altar, minmay_misc_feat_hallway,
          nicolae_benzene_ring, uniq_prince_ribbit1, uniq_menkaure, uniq_duvessa
D:7:      layout_basic, corexii_leaking_fountain, grunt_dithmenos_shadows,
          uniq_harold, uniq_joseph
D:8:      layout_loops_corners
D:9:      layout_loops_corners, trog_hazing_becter
D:10:     layout_gridville, uniq_maggie
D:11:     layout_rooms, grunt_lair_entry_orc_guard_hut, orc_0_dummy
D:12:     layout_basic, basic_altar, uniq_gastronok, uniq_nergalle
D:13:     cheibrodos_statue_roulette, layout_rooms, uniq_azrael
D:14:     layout_roguey, grunt_vaults_entry_tiered, okawaru_ov_weapons_minmay
D:15:     grunt_enter_depths_hoard, layout_loops_ring, minivault_25
Temple:   compressed_dpeg_circular_temple
Lair:1:   layout_cave_shapes, grunt_megastairs_4, lemuel_fruit_tree,
          serial_bayou_shore_a
Lair:2:   layout_long_grid, minmay_swamp_entry_swarm, spider_nest_entry_rubble,
          pond
Lair:3:   layout_regular_city, grunt_megastairs_5
Lair:4:   layout_gridlike, basic_altar
Lair:5:   layout_small_grid, dpeg_slime_entry_enclosed_altar, lemuel_oklob_altar
Lair:6:   minmay_lair_end_frog_pond, layout_cave_pods
Swamp:1:  layout_falls_marsh, portal_ice_cave_entry_pillars_four,
          lemuel_altar_in_water, infiniplex_staircase_pool
Swamp:2:  layout_falls_marsh, evilmike_swamp_ruin_rubble_1, swamp_pool1,
          nicolae_swamp_very_dense_foliage, uniq_roxanne
Swamp:3:  layout_basic_swamp, serial_swamp_ruin, hangedman_swamp_ruin_wall,
          evilmike_swamp_ruin_house_2, evilmike_swamp_ruin_rubble_2, uniq_kirke
Swamp:4:  swamp_basic_johnstein, layout_basic_swamp, swamp_pool4
Spider:1: layout_spider_delve
Spider:2: layout_chambers
Spider:3: layout_spider_delve
Spider:4: grunt_spider_rune_circles, spiders_nest_ghost_moth_duel,
          hangedman_spider_tarantella_strand, uniq_arachne
Orc:1:    layout_diamond_mine, serial_shops, shop, shop, shop, shop,
          shop_fountains
Orc:2:    st_orc_rangers, layout_caves, uniq_donald
Elf:1:    eino_elf_arrival_altar, layout_loops_cross, serial_shops,
          bzr_in_the_mist, hangedman_elven_crosses_minicolossus, st_stairs_5
Elf:2:    layout_geoelf_diagonals, basic_altar, uniq_nikola, uniq_louise
Elf:3:    minmay_elf_hall_not_hex, layout_loops_corners
Vaults:1: v_pattern_2, vaults_room_corners, vaults_standard_mumra_x,
          hangedman_vaults_restitches, nicolae_vaults_border_crossing,
          grunt_vaults_focal, v_alt_pattern_6, nicolae_vaults_shelves_hall,
          hangedman_vaults_stretched_pinwheel, vaults_dpeg_diagonal,
          ontoclasm_vaults_bender, v_misc_19, nicolae_vaults_hallways_thing,
          layout_vaults_omnibox, serial_shops, shop, uniq_saint_roka
Vaults:2: v_misc_9, ontoclasm_vaults_tryst, vaults_room_glass_cross, v_rooms_1,
          nicolae_vaults_little_squares_1, ontoclasm_vaults_shuriken, v_misc_16,
          nicolae_vaults_network_quinsquares
          [nicolae_vaults_network_quincunx_subvault,
          nicolae_vaults_network_quincunx_subvault,
          nicolae_vaults_network_quincunx_subvault,
          nicolae_vaults_network_quincunx_subvault], grunt_vaults_swirl,
          nicolae_vaults_ninety_degrees, v_misc_24, grunt_vaults_funnel,
          vaults_room_hallway, layout_vaults_maze_snakey, uniq_mara
Vaults:3: grunt_vaults_hallway_short, nicolae_vaults_ring_of_whatevers,
          minmay_crypt_entry_simple_statues, hangedman_vaults_hat,
          v_alt_pattern_1, nicolae_vaults_murderbox, hangedman_vaults_locks,
          grunt_vaults_hallway_long, nicolae_vaults_sealed_display,
          serial_ice_m, vaults_mumra_hex, vaults_room_fancy_cross,
          dpeg_vaults_monster_box, vaults_room_fours,
          ontoclasm_vaults_ring_small, layout_vaults_omnicross, uniq_margery
Vaults:4: v_misc_28, nicolae_vaults_network_star, v_misc_10, v_misc_5,
          vaults_room_semicircle, ontoclasm_vaults_ring_small,
          hangedman_vaults_maws, layout_vaults_quadrants
Crypt:1:  layout_gridlike, infiniplex_enter_wizlab_spiral
Crypt:2:  layout_rooms, weyrava_lich_vault
Crypt:3:  evilmike_haunted_forest
Depths:1: layout_cave_pools, enter_ziggurat_c, pf_dread_powers_of_hell,
          serial_bayou_pond_a, abyss_entry, drop_trap,
          kennysheep_big_empty_room, minmay_misc_feat_alley,
          statue_in_the_mist_lemuel, nooodl_orcs_dogs, uniq_asterion
Depths:2: nicolae_legendary_halls, layout_cave_shapes, nrook_mini_vaults,
          gammafunk_ghost_grave, hell_entry, minmay_shoptagon,
          infiniplex_staircase_x
Depths:3: minmay_the_grid_octo_tiled_squarecenter_mashed
          [minmay_the_grid_octo_pinwheel, minmay_the_grid_octo_empty,
          minmay_the_grid_octo_focus, minmay_the_grid_octo_vomiting_pacman,
          minmay_the_grid_square_5x5_megaprize_crossed,
          minmay_the_grid_square_5x5_inset, minmay_the_grid_square_5x5_mess,
          minmay_the_grid_square_5x5_tetrominoes,
          minmay_the_grid_square_5x5_percent], layout_cave_pools,
          grunt_hell_entry_dis_mu, columned_hall_lemuel, pan_entry
Depths:4: hangedman_elemental_death_ray, layout_gridlike, grunt_decor_clamped,
          minmay_room_of_horrors, hell_entry, grunt_decor_mini_mirrors,
          wheals_unrand_guarded_autumn_katana
Depths:5: grunt_zot_entry_tricorne, layout_basic, pan_entry, hellmouth_1,
          grunt_decor_arrowhead, minmay_alternating_orb

Skill      XL: |  1  2  3  4  5  6  7  8  9 10 11 12 13 14 15 16 17 18 19 20 21 22 23 24 |
---------------+-------------------------------------------------------------------------+-----
Long Blades    | 3 4 5 6 7 8 9 10 11 12 13 14 15 16 17 18 | 18.1
Dodging        | 3 4 5 6 7 8 |  8.0
Fighting       | 3 4 5 6 7 8 9 10 11 12 13 14 15 16 17 18 19 20 21 | 21.3
Translocations | 2 3 5 6 7 8 10 12 14 15 16 | 16.3
Invocations    | 3 6 8 9 11 12 14 15 16 17 18 19 20 21 22 23 | 23.7
Armour         | 3 5 7 8 10 | 10.0
Hexes          | 3 5 7 9 11 12 | 12.1
Shields        | 4 7 8 10 11 12 13 14 | 14.8
Spellcasting   | 1 5 7 9 |  9.6
Throwing       | |  1.7

Action                   |  1- 3 |  4- 6 |  7- 9 | 10-12 | 13-15 | 16-18 | 19-21 | 22-24 || total
-------------------------+-------+-------+-------+-------+-------+-------+-------+-------++-------
Melee: Long sword        |    83 |    60 |   274 |   366 |   755 |       |       |       ||  1538
       Kick              |       |    18 |   100 |   266 |   508 |   613 |   953 |   873 ||  3331
       Scimitar          |       |       |       |   112 |    92 |     7 |       |       ||   211
       Double sword      |       |       |       |       |    64 |  1130 |  1498 |  1297 ||  3989
 Cast: Gell's Gravitas   |       |       |       |       |    21 |    26 |    15 |     2 ||    64
       Cause Fear        |       |       |       |       |     1 |       |       |       ||     1
       Blink             |       |       |       |       |       |     1 |       |     1 ||     2
       Invisibility      |       |       |       |       |       |       |       |     1 ||     1
Invok: Stomp             |       |       |     8 |     5 |     1 |     6 |     4 |     1 ||    25
       Grand Finale      |       |       |       |       |     3 |     5 |     3 |     7 ||    18
       Line Pass         |       |       |       |       |     1 |       |       |       ||     1
Evoke: Wand              |       |       |       |     5 |     7 |     2 |       |     1 ||    15
       Condenser vane    |       |       |       |       |       |     1 |       |       ||     1
  Use: Scroll            |       |       |     8 |     3 |    23 |    13 |     6 |     4 ||    57
       Potion            |       |       |       |     3 |     5 |     9 |       |     1 ||    18
 Stab: Paralysed         |       |       |     6 |    42 |   110 |   115 |   215 |   159 ||   647
       Confused          |       |       |       |       |     1 |     1 |       |       ||     2
       Sleeping          |       |       |       |       |       |     1 |     4 |     1 ||     6
       Invisible         |       |       |       |       |       |       |       |     3 ||     3
       Distracted        |       |       |       |       |       |       |       |     2 ||     2
Armor: Leather armour    |    18 |     5 |       |       |       |       |       |       ||    23
       Scale mail        |       |     9 |   105 |   182 |   407 |   306 |   223 |   208 ||  1440
Dodge: Dodged            |    67 |    36 |   169 |   353 |   741 |   634 |   452 |   404 ||  2856
Block: Buckler           |       |       |       |       |       |   303 |   355 |    39 ||   697
       Kite shield       |       |       |       |       |       |       |       |   490 ||   490
       Rpst.: Long sword |    18 |     9 |    52 |    73 |   153 |       |       |       ||   305
       Scimitar          |       |       |       |    18 |    22 |     1 |       |       ||    41
       Double sword      |       |       |       |       |     9 |   110 |    81 |    72 ||   272

Table legend: (Time is in decaauts)
 A = Elapsed time spent in this place.
 B = Non-inter-level travel time spent in this place.
 C = Inter-level travel time spent in this place.
 D = Time resting spent in this place.
 E = Time spent auto-exploring this place.
 F = Levels seen in this place.
 G = Mean time per level.
                   A        B        C        D        E       F      G
               +--------+--------+--------+--------+--------+-----+--------+
         Total |  66913 |  64458 |   2455 |  19979 |  34229 |  51 | 1312.0 |
       Dungeon |  17648 |  16916 |    732 |   6030 |   8509 |  15 | 1176.5 |
        Temple |    103 |     85 |     18 |      0 |      0 |   1 |  103.0 |
          Lair |   8322 |   8031 |    291 |   1721 |   5397 |   6 | 1387.0 |
         Swamp |   4362 |   4152 |    210 |    918 |   2605 |   4 | 1090.5 |
   Spider Nest |   4803 |   4651 |    152 |   1301 |   2706 |   4 | 1200.8 |
  Orcish Mines |   2406 |   2273 |    133 |   1036 |    757 |   2 | 1203.0 |
   Elven Halls |   6901 |   6692 |    209 |   3088 |   2521 |   3 | 2300.3 |
        Vaults |   6639 |   6276 |    363 |    731 |   4556 |   4 | 1659.8 |
         Crypt |   4604 |   4414 |    190 |   1105 |   2412 |   3 | 1534.7 |
        Depths |   7549 |   7397 |    152 |   1861 |   4199 |   5 | 1509.8 |
        Bazaar |    405 |    405 |      0 |    344 |      0 |   1 |  405.0 |
         Sewer |    953 |    953 |      0 |    207 |    559 |   1 |  953.0 |
      Ice Cave |   1490 |   1490 |      0 |   1095 |      0 |   1 | 1490.0 |
        Wizlab |    720 |    720 |      0 |    540 |      5 |   1 |  720.0 |
               +--------+--------+--------+--------+--------+-----+--------+

Top non-repeatable levels by time:
   Elf:3: 2827 daAuts
   Elf:2: 2531 daAuts
    D:12: 2173 daAuts
 Crypt:3: 2131 daAuts
Depths:2: 2060 daAuts
Spider:4: 1924 daAuts
Vaults:3: 1918 daAuts
     D:6: 1875 daAuts
  Lair:6: 1801 daAuts
    D:15: 1734 daAuts
Vaults:1: 1691 daAuts
  Lair:2: 1681 daAuts
Depths:4: 1643 daAuts
Spider:2: 1616 daAuts
Vaults:2: 1545 daAuts
